 Dungeon Crawl Stone Soup version 0.17-a0-2127-g1cb09f6 (webtiles) character file.

179 nrokreffefp the Skirmisher (level 5, -1/43 HPs)
             Began as a Demonspawn Monk on Oct 22, 2015.
             Slain by Grinder (5 damage)
             ... on level 4 of the Dungeon.
             The game lasted 00:07:57 (3324 turns).

nrokreffefp the Skirmisher (Demonspawn Monk)        Turns: 3324, Time: 00:07:57

Health: -1/43      AC: 15    Str: 12    XL:     5   Next: 32%
Magic:  5/5        EV:  3    Int: 12    God:
Gold:   153        SH:  0    Dex: 15    Spells: 0 memorised, 4 levels left

rFire  . . .     SeeInvis .     j - +2 spear (freeze)
rCold  . . .     Clarity  .     p - +0 plate armour
rNeg   . . .     SustAt   .     (no shield)
rPois  .         Gourm    .     (no helmet)
rElec  .         Spirit   .     (no cloak)
rCorr  .         Warding  .     (no gloves)
rMut   .         Stasis   .     k - +2 pair of boots
MR     .....                    (no amulet)
Stlth  ..........               d - ring of flight
                                h - ring of stealth

@: hasted, very quick, not resistant to hostile enchantments, extremely
unstealthy
A: talons 1, molten scales 1
a: Evoke Flight


You were on level 4 of the Dungeon.
You were not hungry.

You visited 1 branch of the dungeon, and saw 4 of its levels.

You collected 153 gold pieces.

Inventory:

Hand Weapons
 j - a +2 spear of freezing (weapon)
Missiles
 i - 3 tomahawks (quivered)
Armour
 k - a +2 pair of boots (worn)
 p - a +0 plate armour (worn)
Jewellery
 d - a ring of flight (right hand)
 h - a ring of stealth (left hand)
Scrolls
 a - 2 scrolls of remove curse
 g - 2 scrolls of magic mapping
 r - a scroll of teleportation
Potions
 l - a potion of cancellation
 m - a potion of haste
 n - 2 potions of curing
 o - 3 potions of agility
 q - a potion of flight {unknown}
Comestibles
 b - 2 bread rations
 c - 2 meat rations


   Skills:
 + Level 4.9 Fighting
 * Level 1.4 Polearms
 + Level 2.4 Armour
 - Level 2.6 Dodging
 - Level 1.7 Stealth
 - Level 3.6 Unarmed Combat


You had 4 spell levels left.
You didn't know any spells.

Dungeon Overview and Level Annotations

Branches:
Dungeon (4/15)
 Temple: D:4-7

Altars:

Annotations:
D:3 sqwarecircle's ghost, amateur MiFi
D:4 Grinder


Innate Abilities, Weirdness & Mutations

You have sharp toenails.
You are partially covered in molten scales (AC +1).


Message History

You closely miss Grinder.
Grinder is heavily wounded.
Grinder gestures at you.
You suddenly lose the ability to move!
Grinder gestures at you.
You shrug off the repeated paralysis!
Grinder hits you.
You writhe in agony.
You writhe in agony.
Grinder hits you but does no damage. Grinder hits you.
You writhe in agony.
You can move again.
You closely miss Grinder.
Grinder is heavily wounded.
Grinder gestures at you. Pain shoots through your body!
* * * LOW HITPOINT WARNING * * *
You are too injured to fight recklessly!
You are too injured to fight recklessly!
Drink which item? (? for menu, Esc to quit)
You feel yourself speed up. Grinder hits you.
You die...

####### #.....#
######.....#
#....'.....+
#..###.....#
#..#####...#####.#
#....).+...5@....#
#####..#####...#######
#......# #...#
#####..# #####
#####..# (......######
#####........ #
#..###### # #..#


You could see Grinder.

Vanquished Creatures
  A giant frog skeleton (D:4)
  3 adders (D:3)
  4 gnolls (D:2)
  A worm (D:2)
  3 giant geckos
  5 bats
  A giant cockroach (D:3)
  8 goblins
  13 hobgoblins
  18 jackals
  5 kobolds
  4 ball pythons
  3 giant newts
  9 rats
78 creatures vanquished.

Notes
Turn   | Place    | Note
--------------------------------------------------------------
     0 | D:1      | nrokreffefp the Demonspawn Monk began the quest for the Orb.
     0 | D:1      | Reached XP level 1. HP: 18/18 MP: 1/1
   144 | D:1      | Gained mutation: You are partially covered in molten scales (AC +1). [demonic ancestry]
   144 | D:1      | Reached XP level 2. HP: 10/24 MP: 2/2
   446 | D:1      | Reached skill level 4 in Fighting
   650 | D:1      | Reached XP level 3. HP: 30/30 MP: 3/3
  1028 | D:2      | Reached skill level 1 in Armour
  1600 | D:2      | Gained mutation: You have sharp toenails. [demonic ancestry]
  1600 | D:2      | Reached XP level 4. HP: 31/38 MP: 4/4
  2661 | D:3      | Noticed sqwarecircle's ghost (amateur MiFi)
  2802 | D:3      | Reached XP level 5. HP: 43/43 MP: 5/5
  2900 | D:3      | Reached skill level 1 in Polearms
  3296 | D:4      | Noticed Grinder
  3298 | D:4      | Paralysed by Grinder for 4 turns
  3306 | D:4      | Paralysed by Grinder for 2 turns
  3318 | D:4      | Paralysed by Grinder for 5 turns
  3324 | D:4      | Slain by Grinder

Vault maps used:
D:1:      ncdulo_halloftheorcs, eino_curves_03, hangedman_decor_clover_reticule,
          serial_bayou_pond_b
D:4:      uniq_grinder, uniq_menkaure

Action                   |  1- 3 |  4- 6 || total
-------------------------+-------+-------++-------
Melee: Whip              |   226 |    41 ||   267
       Unarmed           |     4 |       ||     4
       Spear             |       |   111 ||   111
  Use: Scroll            |     4 |     9 ||    13
       Potion            |       |     2 ||     2
 Stab: Sleeping          |     5 |       ||     5
  Eat: Chunk             |     3 |     3 ||     6
       Pizza             |       |     2 ||     2
